 Dungeon Crawl Stone Soup version 0.23-a0-395-gcf17ac6c65 (webtiles) character file.

300 Napalmbreeze the Charmwright (level 6, -8/50 HPs)
             Began as a Gnoll Skald on Nov 1, 2018.
             Mangled by a mummy (15 damage)
             ... in an ossuary.
             The game lasted 00:08:46 (3505 turns).

Napalmbreeze the Charmwright (Gnoll Skald)          Turns: 3505, Time: 00:08:46

Health: -8/50      AC:  8    Str: 15    XL:     6   Next: 36%
Magic:  6/14       EV: 12    Int: 15    God:
Gold:   268        SH:  0    Dex: 15    Spells: 9/15 levels left

rFire    . . .     SeeInvis .   m - +2 hand axe (freeze)
rCold    . . .     Gourm    .   (no shield)
rNeg     . . .     Faith    .   q - +0 scale mail
rPois    .         Spirit   .   (no helmet)
rElec    .         Reflect  .   w - +0 cloak
rCorr    .         Harm     .   (no gloves)
MR       .....                  (no boots)
Stlth    +.........             (no amulet)
HPRegen  0.16/turn              (no ring)
MPRegen  0.14/turn              (no ring)

@: singing
A: distributed training, fangs 1, strong nose
a: no special abilities


You were in an ossuary.
You were hungry.

You visited 1 branch of the dungeon, and saw 5 of its levels.
You also visited: Ossuary.

You collected 268 gold pieces.

Inventory:

Hand Weapons
 a - a +0 hand axe of electrocution
 m - a +2 hand axe of freezing (weapon)
Missiles
 c - 42 poisoned needles
 v - 4 curare-tipped needles
 x - 26 arrows
Armour
 q - a +0 scale mail (worn)
 w - a +0 cloak (worn)
Scrolls
 b - 2 scrolls of teleportation {unknown}
 f - a scroll of amnesia {unknown}
 g - 3 scrolls of identify {unknown}
 h - 2 scrolls of enchant weapon {unknown}
 j - 2 scrolls of blinking {unknown}
 k - 2 scrolls of remove curse {unknown}
 p - a scroll of enchant armour {unknown}
 r - a scroll of fear {unknown}
 u - a scroll of noise {unknown}
Potions
 e - a potion of resistance {unknown}
 i - 3 potions of degeneration {unknown}
 n - 2 potions of agility {unknown}
 o - a potion of ambrosia {unknown}
 t - a potion of lignification {unknown}
Comestibles
 d - 6 rations


   Skills:
 + Level 4.9 Fighting
 + Level 1.9 Short Blades
 + Level 1.9 Long Blades
 + Level 4.9 Axes
 + Level 1.9 Maces & Flails
 + Level 1.9 Polearms
 + Level 1.9 Staves
 + Level 1.9 Slings
 + Level 1.9 Bows
 + Level 1.9 Crossbows
 + Level 1.9 Throwing
 + Level 3.2 Armour
 + Level 4.9 Dodging
 + Level 1.9 Stealth
 + Level 1.9 Shields
 + Level 1.9 Unarmed Combat
 + Level 5.3 Spellcasting
 + Level 1.5 Conjurations
 + Level 1.5 Hexes
 + Level 5.6 Charms
 + Level 1.5 Summonings
 + Level 1.5 Necromancy
 + Level 1.5 Translocations
 + Level 1.5 Transmutations
 + Level 1.5 Fire Magic
 + Level 1.5 Ice Magic
 + Level 1.5 Air Magic
 + Level 1.5 Earth Magic
 + Level 1.5 Poison Magic
 + Level 2.1 Invocations
 + Level 1.9 Evocations


You had 9 spell levels left.
You knew the following spells:

 Your Spells              Type           Power        Failure   Level  Hunger
a - Infusion              Chrm           ###.         6%          1    None
d - Song of Slaying       Chrm           ###.....     9%          2    #......
s - Spectral Weapon       Hex/Chrm       ##......     38%         3    ###....

Your spell library contained the following spells:

 Spells                   Type           Power        Failure   Level  Hunger
 Shroud of Golubria       Chrm/Tloc      ##........   21%         2    #......
 Regeneration             Chrm/Necr      ##........   38%         3    ###....


Dungeon Overview and Level Annotations

Branches:
Dungeon (5/15)
 Temple: D:4-7

Altars:
Gozag
Trog


Innate Abilities, Weirdness & Mutations

Your experience applies equally to all skills.
You have very sharp teeth.
Your uncanny sense of smell can sniff out nearby items.


Message History

The mummy is almost destroyed.
You slash the orc zombie!
You destroy the orc zombie!
You are no longer magically infusing your attacks.
The mummy misses you.
Unknown command.
You barely miss the mummy.
The mummy is almost destroyed.
You hit the mummy. The mummy hits you.
* * * LOW HITPOINT WARNING * * *
A gnoll zombie comes into view.
Unknown command.
You hit the mummy but do no damage.
The mummy is almost destroyed.
You hit the mummy but do no damage. The mummy hits you but does no damage.
Unknown command.
You hit the mummy but do no damage. You bite the mummy, but do no damage.
The mummy is almost destroyed.
You hit the mummy. The mummy barely misses you. The mummy hits you!
You die...

+..M#...^.....#
#...'....⌠....+
+...#.........#
#..###....Z..#
+.## ##.....##
#. ###'### #.
#.# !?∆ ##.##
∆∆ !?∆ #@M.# ∆
### #.M.# #####


You could see 2 mummies and a gnoll zombie.

Vanquished Creatures
  A crimson imp (D:5)
  A bullfrog zombie (D:5)
  A hound (D:2)
  Ijyb (D:3)
  A mummy (Ossuary)
  7 adders
  4 worms
  3 dart slugs
  A leopard gecko (D:1)
  3 orcs (D:3)
  A ball python (D:3)
  7 giant cockroaches
  12 goblins
  11 hobgoblins
  7 kobolds
  A quokka (D:3)
  9 bats
  6 frilled lizards
  An orc zombie (Ossuary)
  8 rats
86 creatures vanquished.

Notes
Turn   | Place    | Note
-------+----------+-------------------------------------------
     0 | D:1      | Napalmbreeze the Gnoll Skald began the quest for the Orb.
     0 | D:1      | Reached XP level 1. HP: 20/20 MP: 6/6
   333 | D:1      | Reached XP level 2. HP: 10/26 MP: 3/7
  1032 | D:2      | You fall through a shaft!
  1037 | D:3      | Reached skill level 5 in Spellcasting
  1037 | D:3      | Reached XP level 3. HP: 29/31 MP: 4/9
  1042 | D:3      | Learned a level 3 spell: Spectral Weapon
  1066 | D:3      | Noticed Ijyb
  1104 | D:3      | Killed Ijyb
  1104 | D:3      | Reached skill level 1 in Short Blades
  1104 | D:3      | Reached skill level 1 in Long Blades
  1104 | D:3      | Reached skill level 1 in Maces & Flails
  1104 | D:3      | Reached skill level 1 in Polearms
  1104 | D:3      | Reached skill level 1 in Staves
  1104 | D:3      | Reached skill level 1 in Slings
  1104 | D:3      | Reached skill level 1 in Bows
  1104 | D:3      | Reached skill level 1 in Crossbows
  1104 | D:3      | Reached skill level 1 in Throwing
  1104 | D:3      | Reached skill level 1 in Stealth
  1104 | D:3      | Reached skill level 1 in Shields
  1104 | D:3      | Reached skill level 1 in Unarmed Combat
  1104 | D:3      | Reached skill level 1 in Invocations
  1104 | D:3      | Reached skill level 1 in Evocations
  1246 | D:2      | Reached XP level 4. HP: 37/38 MP: 11/11
  1284 | D:2      | Learned a level 2 spell: Song of Slaying
  1454 | D:2      | Found an opulent altar of Gozag.
  1454 | D:2      | Found a bloodstained altar of Trog.
  1587 | D:2      | Reached skill level 1 in Conjurations
  1587 | D:2      | Reached skill level 1 in Hexes
  1587 | D:2      | Reached skill level 1 in Summonings
  1587 | D:2      | Reached skill level 1 in Necromancy
  1587 | D:2      | Reached skill level 1 in Translocations
  1587 | D:2      | Reached skill level 1 in Transmutations
  1587 | D:2      | Reached skill level 1 in Fire Magic
  1587 | D:2      | Reached skill level 1 in Ice Magic
  1587 | D:2      | Reached skill level 1 in Air Magic
  1587 | D:2      | Reached skill level 1 in Earth Magic
  1587 | D:2      | Reached skill level 1 in Poison Magic
  1587 | D:2      | Reached XP level 5. HP: 43/43 MP: 12/12
  3221 | D:4      | Reached XP level 6. HP: 50/50 MP: 13/13
  3335 | D:5      | Entered Level 5 of the Dungeon
  3428 | D:5      | Found a sand-covered staircase.
  3439 | Ossuary  | Entered an ossuary
  3505 | Ossuary  | Mangled by a mummy

Vault maps used:
D:1:      minmay_arrival_split_and_join
D:2:      gammafunk_temple_overflow_elements
D:3:      cheibrodos_greedy_goblins, first_ration, uniq_ijyb
D:4:      kennysheep_mini_moat, kennysheep_slug_shrine, dancing_weapons_uskayaw,
          uniq_grinder, uniq_eustachio, uniq_natasha
D:5:      nicolae_overflow_hidden_temple, nicolae_ossuary_entry_monument,
          serial_glass, glass_columns_a, glass_columns_b, glass_columns_b,
          glass_columns_c, glass_columns_a, glass_columns_a, glass_columns_a,
          glass_columns_a, glass_columns_c, glass_columns_b, glass_columns_b,
          glass_columns_b, glass_columns_b, glass_columns_b,
          kennysheep_opposing_triangles
Ossuary:  ossuary_crypta

Skill      XL: |  1  2  3  4  5  6 |
---------------+-------------------+-----
Spellcasting   | 5 |  5.3
Short Blades   | 1 |  1.9
Long Blades    | 1 |  1.9
Maces & Flails | 1 |  1.9
Polearms       | 1 |  1.9
Staves         | 1 |  1.9
Slings         | 1 |  1.9
Bows           | 1 |  1.9
Crossbows      | 1 |  1.9
Throwing       | 1 |  1.9
Stealth        | 1 |  1.9
Shields        | 1 |  1.9
Unarmed Combat | 1 |  1.9
Invocations    | 1 2 |  2.1
Evocations     | 1 |  1.9
Conjurations   | 1 |  1.5
Hexes          | 1 |  1.5
Summonings     | 1 |  1.5
Necromancy     | 1 |  1.5
Translocations | 1 |  1.5
Transmutations | 1 |  1.5
Fire Magic     | 1 |  1.5
Ice Magic      | 1 |  1.5
Air Magic      | 1 |  1.5
Earth Magic    | 1 |  1.5
Poison Magic   | 1 |  1.5
Armour         | 3 |  3.2
Fighting       | |  4.9
Axes           | |  4.9
Dodging        | |  4.9
Charms         | |  5.6

Action                   |  1- 3 |  4- 6 || total
-------------------------+-------+-------++-------
Melee: Hand axe          |    68 |   206 ||   274
       Bite              |     5 |    15 ||    20
 Cast: Infusion          |     3 |     1 ||     4
       Spectral Weapon   |       |     3 ||     3
       Song of Slaying   |       |     1 ||     1
  Use: Potion            |       |     2 ||     2
 Stab: Sleeping          |     3 |     3 ||     6
  Eat: Chunk             |     1 |     7 ||     8
Armor: Leather armour    |    19 |     4 ||    23
       Scale mail        |       |    52 ||    52
Dodge: Dodged            |    45 |   138 ||   183

Table legend:
 A = Non-vault XP
 B = Vault XP
 C = Vault XP percentage of total XP
 D = Non-vault monster count
 E = Vault monster count
 F = Vault count percentage of total count
                 A         B        C        D         E       F
            +---------+---------+-------+---------+---------+-------
      Total |     351 |      78 |  18.2 |      70 |      16 |  18.6
            +---------+---------+-------+---------+---------+-------
        D:1 |      27 |       0 |   0.0 |      16 |       0 |   0.0
        D:2 |     125 |       0 |   0.0 |      24 |       0 |   0.0
        D:3 |     103 |      61 |  37.2 |      26 |      14 |  35.0
        D:4 |       4 |       0 |   0.0 |       2 |       0 |   0.0
        D:5 |      92 |       0 |   0.0 |       2 |       0 |   0.0
    Ossuary |       0 |      17 | 100.0 |       0 |       2 | 100.0
            +---------+---------+-------+---------+---------+-------
